 Dungeon Crawl Stone Soup version 0.29.1-14-g9c671dbff4 (webtiles) character file.

Game seed: 11909249478158068249

381 Sanktem7 the Trooper (level 6, -5/57 HPs)
             Began as a Minotaur Fighter on Feb 17, 2023.
             Slain by an ogre
             ... wielding a +0 giant spiked club
              (21 damage)
             ... on level 5 of the Dungeon.
             The game lasted 00:05:58 (3825 turns).

Sanktem7 the Trooper (Minotaur Fighter)             Turns: 3825, Time: 00:05:59

Health: -5/57      AC: 13    Str: 23    XL:     6   Next: 46%
Magic:  5/5        EV:  5    Int:  5    God:
Gold:   273        SH:  9    Dex: 15    Spells: 5/5 levels left

rFire   . . .      SeeInvis .   a - +0 war axe {axe}
rCold   . . .      Faith    .   s - +0 kite shield
rNeg    . . .      Spirit   .   n - +0 plate armour
rPois   +          Reflect  .   (helmet restricted)
rElec   .          Harm     .   (no cloak)
rCorr   .          Rampage  .   (no gloves)
Will    .....                   j - +0 pair of boots
Stlth   ..........              (no amulet)
HPRegen 0.19/turn               e - ring of poison resistance
MPRegen 0.09/turn               y - +6 ring of dexterity

@: no status effects
A: horns 2, retaliatory headbutt
a: no special abilities


You were on level 5 of the Dungeon.
You visited 1 branch of the dungeon, and saw 5 of its levels.

You collected 273 gold pieces.


Innate Abilities, Weirdness & Mutations

You have a pair of horns on your head.
You reflexively headbutt those who attack you in melee.


   Skills:
 * Level 6.2 Fighting
 * Level 5.6 Axes
 + Level 5.0 Armour
 - Level 3.6 Shields


You had 5 spell levels left.
You didn't know any spells.
Your spell library contained the following spells:

 Spells                   Type           Power      Damage    Failure   Level
 Sting                    Tmut/Pois      0%         1d3       100%        1
 Ensorcelled Hibernation  Hex/Ice        0%         N/A       100%        2
 Poisonous Vapours        Pois/Air       0%         N/A       100%        2
 Confusing Touch          Hex            0%         N/A       100%        3
 Portal Projectile        Hex/Tloc       0%         N/A       100%        3
 Spider Form              Tmut/Pois      0%         N/A       100%        3
 Tukima's Dance           Hex            0%         N/A       100%        3
 Anguish                  Hex/Necr       0%         N/A       100%        4
 Olgreb's Toxic Radiance  Pois           0%         N/A       100%        4
 Blade Hands              Tmut           0%         N/A       100%        5
 Yara's Violent Unravell  Hex/Tmut       0%         3d3       100%        5
 Enfeeble                 Hex            0%         N/A       100%        7

Inventory:

Hand Weapons
 a - a +0 war axe (weapon) {axe}
Missiles
 i - 12 stones (quivered) {throwing}
 r - 2 poisoned darts {throwing}
 t - 5 boomerangs {throwing}
Armour
 c - a +0 buckler
 j - a +0 pair of boots (worn)
   (You found it on level 1 of the Dungeon)
 n - a +0 plate armour (worn)
   (You found it on level 2 of the Dungeon)
 s - a +0 kite shield (worn)
   (You found it on level 2 of the Dungeon)
Jewellery
 e - a ring of poison resistance (left hand)
   (You found it on level 1 of the Dungeon)
 f - a ring of positive energy
   (You found it on level 1 of the Dungeon)
 y - a +6 ring of dexterity (right hand)
   (You found it on level 4 of the Dungeon)
Wands
 B - a wand of flame (3)
   (You found it on level 5 of the Dungeon)
Scrolls
 b - 2 scrolls of poison {unknown}
 h - 4 scrolls of identify {unknown}
 l - 2 scrolls of vulnerability {unknown}
 p - a scroll of noise {unknown}
 q - 4 scrolls of teleportation {unknown}
 u - 2 scrolls of fear {unknown}
 w - 2 scrolls of magic mapping {unknown}
 z - a scroll of amnesia {unknown}
Potions
 d - a potion of might
 g - 4 potions of heal wounds {unknown}
 k - 2 potions of flight {unknown}
 m - 2 potions of mutation {unknown}
 o - 2 potions of invisibility {unknown}
 v - a potion of brilliance {unknown}
 x - a potion of berserk rage {unknown}
 A - a potion of cancellation {unknown}

Dungeon Overview and Level Annotations

Branches:
Dungeon (5/15) Zot: 26088
 Temple: D:4-7

Altars:
Elyvilon
Qazlal
Uskayaw

Shops:
D:1 : D:5

[ ≈≈≈≈_.≈≈.......
≈≈≈≈⌠>≈≈.......
.≈≈≈≈≈≈≈≈.≈...h.
...≈≈≈≈≈≈≈≈.h..
.≈....≈≈≈....###
......≈≈≈.......
..........h.....
........@O..#
.....[.h....#
#########'#######
.................
########.########
♣.♣♣♣ ♣...♣♣ ♣♣
♣♣♣♣♣♣♣ ♣♣♣..♣♣
♣♣. ......♣♣
♣♣..♣ ♣♣♣♣..


You could see 2 black bears, an ogre and 2 jackals.


Message History

😮 HP[-18]
You take 18 damage, and now have 39/57 hp.
MASSIVE DAMAGE!! (PAUSE)
You hit the ogre.
The ogre hits you with a +0 giant club. 😮 HP[-5]
You take 5 damage, and now have 34/57 hp.
You slash the ogre! You headbutt the ogre.
The ogre hits you with a +0 giant club!!
* * * LOW HITPOINT WARNING * * *
😱 HP[-20]
You take 20 damage, and now have 14/57 hp.
MASSIVE DAMAGE!! (PAUSE)
You hit the ogre. You headbutt the ogre. The ogre hits you but does no damage.
You slash the ogre!
You kill the ogre!
Your Fighting skill increases to level 6!
Your Armour skill increases to level 5! 😨 HP[+1] Key pressed, stopping explore.
Unknown command. 😨 HP[+8]
You regained 8 hp, and now have 23/57 hp.
Key pressed, stopping explore.
Key pressed, stopping explore.
Found a stone staircase leading down.
Things that are here:
a +0 giant club {mace}; an ogre skeleton 😎 HP[+34]
Your hp is fully restored (57).
Things that are here:
a +0 giant club {mace}; an ogre skeleton
Things that are here:
a +0 dagger {short}; a +0 robe; an orc skeleton Key pressed, stopping explore.
As you open the door, it creaks loudly!
A black bear comes into view.
The black bear growls angrily.
You hear a shout!
An ogre comes into view. It is wielding a +0 giant spiked club.
The black bear bites you. You block the black bear's attack.
The black bear claws you but does no damage.
There is an open door here. 😕 HP[-6]
You take 6 damage, and now have 51/57 hp.
You barely miss the black bear. The black bear bites you.
The black bear barely misses you.
The black bear claws you but does no damage. 😕 HP[-6]
You take 6 damage, and now have 45/57 hp.
You hit the black bear but do no damage.
You headbutt the black bear. The black bear bites you.
The black bear claws you but does no damage.
The black bear claws you. 😮 HP[-4]
You take 4 damage, and now have 41/57 hp.
You are too injured to fight recklessly!
You are too injured to fight recklessly!
You are too injured to fight recklessly!
You are too injured to fight recklessly!
You are too injured to fight recklessly!
You are too injured to fight recklessly!
You are too injured to fight recklessly!
You are too injured to fight recklessly!
You are too injured to fight recklessly!
You are too injured to fight recklessly!
You are too injured to fight recklessly!
You are too injured to fight recklessly!
You are too injured to fight recklessly!
You are too injured to fight recklessly!
Unknown command.
Found an escape hatch in the floor.
The black bear bites you. The black bear barely misses you.
The black bear claws you but does no damage. 😮 HP[-2]
You take 2 damage, and now have 39/57 hp.
Found a stormy altar of Qazlal.
The black bear bites you.
The black bear claws you but does no damage.
The black bear claws you.
A jackal comes into view. 😮 HP[-6]
You take 6 damage, and now have 33/57 hp.
You barely miss the black bear.
The jackal barks!
Your headbutt misses the black bear.
The black bear bites you but does no damage.
You block the black bear's attack. The black bear barely misses you.
A jackal comes into view.
A black bear comes into view.
The ogre hits you with a +0 giant spiked club!
* * * LOW HITPOINT WARNING * * *
The black bear bites you but does no damage.
You block the black bear's attack.
The black bear claws you but does no damage. 😨 HP[-17]
You take 17 damage, and now have 16/57 hp.
MASSIVE DAMAGE!! (PAUSE)
The black bear growls angrily.
You slash the black bear! You closely miss the ogre.
The black bear barely misses you. You block the black bear's attack.
The black bear claws you but does no damage.
The ogre hits you with a +0 giant spiked club!!
You die...

Skill      XL: |  1  2  3  4  5  6 |
---------------+-------------------+-----
Fighting       | 4 5 6 |  6.2
Axes           | 3 4 5 |  5.6
Armour         | 4 5 |  5.0
Shields        | |  3.6

Action                   |  1- 3 |  4- 6 || total
-------------------------+-------+-------++-------
Melee: War axe           |    88 |   117 ||   205
       Headbutt          |     7 |    20 ||    27
Armor: Scale mail        |    28 |       ||    28
       Plate armour      |    37 |    66 ||   103
Dodge: Dodged            |    31 |    30 ||    61
Block: Buckler           |    19 |       ||    19
       Kite shield       |     6 |    52 ||    58

Levels and vault maps discovered:
D:1:      scummos_arrival_simple_crosswalls, layout_basic, serial_shops, shop,
          grunt_decor_cap, chequers_jeans, chequers_serial_rivers_micro_e,
          item_on_display_a
D:2:      layout_basic
D:3:      layout_rooms, eat_drink_and_be_merry_uskayaw, grunt_decor_clamped
D:4:      layout_basic, elyvilon_altar_1, minivault_4
D:5:      kb_forest_paths, layout_gridville, old_standard_altar,
          nicolae_qazlal_general_emergency, kennysheep_little_box,
          dk_noncrumbling_3, nicolae_stop_n_shop_2

Notes
Turn   | Place    | Note
-------+----------+-------------------------------------------
     0 | D:1      | Sanktem7 the Minotaur Fighter began the quest for the Orb.
     0 | D:1      | Reached XP level 1. HP: 19/19 MP: 0/0
     0 | D:1      | magus.rc [v1.9.6]
   284 | D:1      | Reached XP level 2. HP: 27/27 MP: 1/1
   289 | D:1      | Reached skill level 4 in Fighting
   424 | D:1      | Found Xeogh's Book Shoppe.
   440 | D:1      | Reached skill level 3 in Axes
  1085 | D:2      | Reached skill level 4 in Armour
  1085 | D:2      | Reached XP level 3. HP: 33/34 MP: 2/2
  1568 | D:2      | You pick up a book of Misfortune and begin reading...
  1568 | D:2      | You add the spells Confusing Touch, Yara's Violent
                  | Unravelling and Enfeeble to your library.
  1849 | D:3      | Reached XP level 4. HP: 41/41 MP: 3/3
  1868 | D:3      | You pick up a book of Dreams and begin reading...
  1868 | D:3      | You add the spells Ensorcelled Hibernation, Spider Form and
                  | Anguish to your library.
  1953 | D:3      | Reached skill level 5 in Fighting
  1953 | D:3      | Reached skill level 4 in Axes
  2241 | D:3      | Found a hide-covered altar of Uskayaw.
  2249 | D:3      | Reached XP level 5. HP: 43/48 MP: 4/4
  2722 | D:4      | Found a white marble altar of Elyvilon.
  2930 | D:4      | You add the spells Sting, Poisonous Vapours and Olgreb's
                  | Toxic Radiance to your library.
  3049 | D:4      | You pick up a book of Weapons and begin reading...
  3049 | D:4      | You add the spells Tukima's Dance, Portal Projectile and
                  | Blade Hands to your library.
  3333 | D:5      | Entered Level 5 of the Dungeon
  3333 | D:5      | Found Xihiavitz's Antique Armour Emporium.
  3399 | D:5      | Reached skill level 5 in Axes
  3434 | D:5      | Reached XP level 6. HP: 53/57 MP: 5/5
  3557 | D:5      | HP: 14/57 [ogre/+0 giant club (20)]
  3560 | D:5      | Reached skill level 6 in Fighting
  3560 | D:5      | Reached skill level 5 in Armour
  3823 | D:5      | Found a stormy altar of Qazlal.
  3825 | D:5      | Slain by an ogre

Vanquished Creatures
  An ogre (D:5)
  An orc priest (D:3)
  A hound (D:5)
  A jelly (D:5)
  An iguana (D:4)
  2 orc wizards
  5 adders
  A dart slug (D:5)
  10 orcs
  4 endoplasms
  3 giant cockroaches
  9 goblins
  6 hobgoblins
  7 kobolds
  4 quokkas
  7 ball pythons
  7 bats
  2 frilled lizards
  6 rats
78 creatures vanquished.

Table legend:
 A = Non-vault XP
 B = Vault XP
 C = Vault XP percentage of total XP
 D = Non-vault monster count
 E = Vault monster count
 F = Vault count percentage of total count
                 A         B        C        D         E       F
            +---------+---------+-------+---------+---------+-------
      Total |     301 |     244 |  44.8 |      72 |       6 |   7.7
            +---------+---------+-------+---------+---------+-------
        D:1 |      29 |       0 |   0.0 |      18 |       0 |   0.0
        D:2 |      65 |       0 |   0.0 |      18 |       0 |   0.0
        D:3 |     128 |       0 |   0.0 |      22 |       0 |   0.0
        D:4 |      79 |       0 |   0.0 |      14 |       0 |   0.0
        D:5 |       0 |     244 | 100.0 |       0 |       6 | 100.0
            +---------+---------+-------+---------+---------+-------

Illustrated notes

Table legend:
 A = Kills in this place as a percentage of kills in entire the game.
 B = Kills by you in this place as a percentage of kills by you in the entire game.
 C = Kills by friends in this place as a percentage of kills by friends in the entire game.
 D = Other kills in this place as a percentage of other kills in the entire game.
 E = Experience gained in this place as a percentage of experience gained in the entire game.
 F = Experience gained in this place divided by the number of levels of this place that you have seen.
                   A       B       C       D       E      F
               +-------+-------+-------+-------+-------+----------------------
         Total | 100.0 | 100.0 |   N/A |   N/A | 100.0 | 109.0
       Dungeon | 100.0 | 100.0 |   N/A |   N/A | 100.0 | 109.0
               +-------+-------+-------+-------+-------+----------------------

Table legend: (Time is in decaauts)
 A = Elapsed time spent in this place.
 B = Non-inter-level travel time spent in this place.
 C = Inter-level travel time spent in this place.
 D = Time resting spent in this place.
 E = Time spent auto-exploring this place.
 F = Levels seen in this place.
 G = Mean time per level.
                   A        B        C        D        E       F      G
               +--------+--------+--------+--------+--------+-----+--------+
         Total |   3910 |   3812 |     98 |      0 |   3203 |   5 |  782.0 |
       Dungeon |   3910 |   3812 |     98 |      0 |   3203 |   5 |  782.0 |
               +--------+--------+--------+--------+--------+-----+--------+

Top non-repeatable levels by time:
     D:1: 1069 daAuts
     D:3: 864 daAuts
     D:2: 759 daAuts
     D:4: 715 daAuts
     D:5: 501 daAuts
